Map: [ESL] Site Delta

Players

ONSYDESolar (Solar) - Winner!

  • Race: Zerg Zerg
  • League: Master
  • Spawn Location: 5:00

LiquidCure (Cure)

  • Race: Terran Terran
  • League: Master
  • Spawn Location: 11:00

VOD

Have the link to the VOD?

Description

Time

  • Played on: Nov. 21, 2023, 7:37 a.m.
  • Length: 15:36
Show
View Real Time Build Order
Export as new Build Order

ONSYDESolar Zerg - Winner!

Build Orders: Hatch First, Lurkers 

Get SALT Encoding   

  12  0:00  Drone  
  13  0:13  Overlord  
  13  0:17  Drone  
  14  0:31  Drone x2  
  16  0:48  Hatchery  
  15  0:51  Drone  
  15  0:54  Drone  
  17  0:58  Drone  
  18  1:10  Extractor  
  17  1:14  Spawning Pool  
  17  1:16  Drone  
  17  1:19  Drone  
  18  1:28  Drone  
  19  1:39  Drone  
  20  1:51  Overlord  
  20  2:00  Queen  
  20  2:01  Zergling x4, Queen  
  26  2:12  Zergling x2, Metabolic Boost  
  26  2:14  Drone  
  28  2:22  Zergling x2  
  29  2:23  Drone  
  30  2:35  Overlord  
  30  2:36  Queen  
  32  2:40  Zergling x2  
  33  2:44  Drone x2  
  33  2:45  Extractor  
  34  2:56  Drone x2  
  36  3:00  Hatchery  
  36  3:05  Drone  
  36  3:06  Drone, Extractor  
  36  3:12  Zergling x2  
  38  3:14  Drone x2  
  38  3:18  Queen  
  42  3:21  Zergling x2  
  42  3:25  Overlord  
  43  3:28  Drone  
  44  3:38  Overlord  
  44  3:43  Drone x2  
  44  3:44  Drone x2  
  44  3:45  Queen  
  49  3:54  Drone x4  
  52  3:58  Drone  
  52  4:00  Queen  
  52  4:02  Drone  
  56  4:08  Overlord  
  56  4:10  Drone  
  56  4:12  Queen, Extractor  
  56  4:14  Drone  
  59  4:17  Drone  
  59  4:19  Overlord  
  59  4:20  Drone  
  61  4:26  Queen  
  61  4:27  Drone  
  61  4:28  Drone  
  65  4:32  Drone, Overlord  
  66  4:39  Drone x5  
  71  4:45  Evolution Chamber  
  71  4:46  Drone  
  71  4:47  Drone, Evolution Chamber  
  71  4:50  Queen  
  73  4:53  Drone x2  
  73  4:55  Drone  
  73  4:57  Zergling x4  
  73  4:58  Zergling x2  
  79  5:01  Overlord  
  79  5:05  Overlord  
  80  5:07  Drone x2  
  80  5:11  Drone  
  80  5:13  Zerg Ground Armor Level 1  
  82  5:15  Zerg Melee Weapons Level 1  
  82  5:17  Overlord  
  82  5:19  Overlord  
  82  5:22  Drone x2  
  82  5:23  Drone  
  82  5:24  Drone  
  82  5:25  Drone  
  82  5:27  Drone x2  
  89  5:29  Drone, Extractor  
  89  5:33  Zergling x2, Lair  
  90  5:37  Zergling x2  
  90  5:41  Zergling x8  
  90  5:42  Extractor  
  94  5:43  Baneling Nest  
  94  5:45  Overlord  
  93  5:51  Zergling x6  
  93  5:52  Zergling x4  
  93  5:53  Overlord  
  98  6:02  Zergling x8  
  102  6:04  Overlord  
  102  6:10  Zergling x4  
  104  6:13  Zergling x6  
  104  6:17  Zergling x4  
  108  6:21  Overlord  
  108  6:23  Zergling x4  
  110  6:27  Baneling x6  
  110  6:28  Baneling, Zergling x6  
  113  6:33  Centrifugal Hooks, Hatchery  
  113  6:37  Zergling x2  
  113  6:38  Overlord  
  113  6:42  Zergling x8  
  113  6:46  Drone x3  
  119  6:48  Baneling x3  
  119  6:50  Drone  
  119  6:51  Zergling x4  
  122  6:58  Overlord  
  122  7:00  Drone  
  123  7:02  Baneling x2  
  123  7:03  Drone x4  
  127  7:10  Drone  
  127  7:11  Zerg Melee Weapons Level 2, Zerg Ground Armor Level 2  
  127  7:12  Drone  
  127  7:13  Zergling x2  
  127  7:15  Overlord  
  130  7:16  Zergling x4  
  130  7:17  Hatchery  
  130  7:19  Infestation Pit  
  130  7:20  Baneling x3, Drone  
  131  7:24  Zergling x4  
  131  7:26  Overlord  
  131  7:28  Zergling x4  
  135  7:33  Zergling x8  
  138  7:37  Drone x2  
  138  7:43  Baneling x4  
  140  7:46  Zergling x8  
  140  7:47  Zergling x4  
  146  7:55  Queen, Zergling x4  
  146  7:57  Hive  
  149  8:00  Baneling x9  
  149  8:01  Zergling x6  
  149  8:05  Overlord  
  152  8:06  Hatchery  
  152  8:08  Zergling x2  
  152  8:12  Drone x2  
  133  8:21  Zergling x24  
  133  8:24  Drone  
  133  8:27  Drone x2  
  133  8:28  Extractor  
  133  8:31  Zergling x2  
  133  8:32  Zergling x2  
  133  8:33  Zergling x2  
  135  8:34  Baneling x2  
  135  8:36  Zergling x4  
  135  8:40  Zergling x6  
  126  8:41  Extractor  
  126  8:46  Zergling x2  
  126  8:47  Zergling x16  
  134  8:48  Baneling x7  
  134  8:49  Drone  
  134  8:53  Drone x2  
  137  8:57  Zergling x4  
  137  8:59  Overlord  
  137  9:01  Zergling x6  
  138  9:05  Zergling x6  
  136  9:11  Zergling x16  
  136  9:15  Viper x2  
  145  9:17  Zergling x6  
  145  9:19  Adrenal Glands  
  145  9:22  Drone x3  
  145  9:23  Drone  
  151  9:24  Hydralisk Den  
  151  9:26  Baneling x2, Overseer  
  151  9:27  Baneling  
  151  9:29  Drone x3  
  151  9:31  Drone x2  
  155  9:34  Zergling x6  
  155  9:37  Zergling x4  
  160  9:38  Pneumatized Carapace  
  160  9:44  Zergling x16  
  168  9:52  Drone  
  169  9:53  Drone x2  
  169  9:54  Hydralisk x4, Grooved Spines  
  169  9:55  Zergling x2  
  169  9:59  Hatchery  
  178  10:01  Overlord, Zerg Missile Weapons Level 1  
  178  10:02  Zergling x8  
  178  10:04  Zergling x4  
  184  10:09  Spore Crawler  
  184  10:11  Baneling x10  
  183  10:16  Drone x8  
  183  10:18  Zergling x6  
  179  10:23  Extractor  
  179  10:25  Baneling x4  
  178  10:29  Zergling x20  
  188  10:37  Overseer  
  188  10:40  Baneling  
  188  10:41  Baneling, Hydralisk x6  
  199  10:46  Zergling x12  
  194  10:51  Muscular Augments  
  194  10:52  Zergling x10  
  195  11:05  Zergling x10  
  200  11:16  Zergling x12  
  200  11:17  Zergling x4  
  200  11:18  Baneling x20  
  200  11:19  Baneling  
  200  11:22  Hatchery  
  200  11:24  Zergling x6  
  200  11:28  Drone  
  200  11:31  Zergling x2  
  200  11:32  Zergling x20  
  199  11:34  Zerg Ground Armor Level 3  
  199  11:41  Lurker Den  
  199  11:43  Zergling x2  
  199  11:46  Baneling x2  
  199  11:51  Extractor  
  199  11:53  Zergling x8  
  199  11:55  Burrow  
  196  12:04  Zergling x20  
  199  12:09  Zergling x2  
  199  12:10  Zergling x2  
  189  12:16  Zergling x22  
  197  12:30  Hydralisk  
  197  12:31  Hydralisk  
  199  12:41  Zergling x6  
  199  12:45  Overseer  
  199  12:46  Seismic Spines  
  199  12:49  Zergling x10  
  196  12:57  Zergling x48  
  197  13:01  Zergling x4  
  197  13:04  Zergling x2  
  181  13:06  Hydralisk x4  
  181  13:08  Baneling x7  
  181  13:09  Baneling x6  
  177  13:13  Zergling x2  
  177  13:18  Zergling x10  
  171  13:22  Zergling x20  
  169  13:27  Zergling x2  
  169  13:32  Zergling x10, Overseer  
  169  13:33  Baneling x7  
  170  13:39  Hatchery  
  170  13:41  Zergling x8  
  169  13:43  Zergling x2, Adaptive Talons  
  169  13:44  Zergling x2  
  169  13:47  Zergling x2  
  168  13:51  Zergling x16  
  168  13:55  Zergling x4  
  167  13:59  Drone x2  
  168  14:03  Infestor, Zergling x2  
  168  14:04  Zergling x2  
  168  14:05  Baneling x7  
  168  14:09  Baneling x5  
  170  14:10  Hydralisk x2  
  170  14:11  Zergling x2, Hydralisk  
  172  14:17  Lurker  
  172  14:18  Lurker x6  
  179  14:26  Drone  
  179  14:27  Drone x7  
  179  14:30  Spore Crawler  
  186  14:31  Baneling x4  
  186  14:32  Baneling x3  
  186  14:34  Infestor  
  186  14:35  Zergling x4  
  186  14:38  Baneling  
  190  14:39  Zergling x6  
  190  14:42  Overlord  
  190  14:45  Zergling x6  
  164  15:02  Zergling x22  
  164  15:05  Zergling x18  
  168  15:07  Zergling x4  
  168  15:08  Zergling x2  
  168  15:09  Zergling x2  
  168  15:10  Baneling x4  
  174  15:17  Zergling x12  
  175  15:22  Overseer  
Show
View Real Time Build Order
Export as new Build Order

LiquidCure Terran 

Build Orders:  

Get SALT Encoding   

  12  0:00  SCV  
  13  0:12  SCV  
  14  0:18  Supply Depot  
  14  0:24  SCV  
  15  0:40  SCV  
  15  0:41  Barracks  
  16  0:44  Refinery  
  16  0:52  SCV  
  17  0:58  Barracks  
  17  1:04  SCV  
  18  1:16  SCV  
  19  1:28  Orbital Command, Reaper  
  19  1:31  Supply Depot  
  20  1:45  Reaper  
  21  1:54  SCV  
  22  2:03  Reaper  
  22  2:06  SCV  
  24  2:09  Command Center  
  24  2:15  Refinery  
  24  2:18  SCV  
  24  2:21  Reaper  
  26  2:30  SCV  
  27  2:42  SCV  
  28  2:51  Barracks Reactor  
  28  2:52  Command Center  
  28  2:54  SCV  
  28  2:58  Barracks Tech Lab  
  29  3:06  Factory  
  29  3:07  SCV  
  30  3:19  SCV  
  31  3:22  Orbital Command  
  31  3:25  Stimpack  
  31  3:31  SCV, Marine x3  
  35  3:43  SCV  
  36  3:54  SCV  
  36  3:55  SCV, Marine  
  41  4:01  Cyclone x2  
  43  4:05  Orbital Command  
  43  4:09  SCV x2  
  45  4:13  Marine  
  46  4:21  SCV x2, Starport  
  48  4:26  Supply Depot  
  48  4:28  Barracks Reactor  
  48  4:30  SCV, Marine  
  50  4:33  SCV x2  
  50  4:34  Hellion x2  
  56  4:39  Supply Depot  
  56  4:42  SCV  
  56  4:45  SCV x2  
  58  4:48  Barracks  
  58  4:51  Supply Depot, Marine  
  60  4:54  SCV  
  60  4:57  SCV x2  
  63  5:03  Refinery  
  63  5:04  Combat Shield, Refinery  
  63  5:05  Marine  
  63  5:06  Marine, Medivac x2  
  69  5:08  Marine  
  69  5:09  SCV  
  69  5:10  SCV  
  69  5:12  SCV  
  73  5:18  Factory Tech Lab  
  73  5:21  SCV, Engineering Bay  
  73  5:22  Engineering Bay  
  73  5:23  SCV  
  73  5:26  Supply Depot  
  73  5:28  Marine x2  
  77  5:29  Marine  
  77  5:34  Orbital Command  
  78  5:35  SCV  
  78  5:36  SCV  
  78  5:39  Barracks Reactor  
  83  5:44  Supply Depot  
  83  5:46  Terran Infantry Weapons Level 1  
  83  5:47  Marine x2, Terran Infantry Armor Level 1  
  83  5:48  Marine  
  83  5:54  Siege Tank  
  87  5:57  SCV x2  
  88  6:05  Barracks  
  88  6:08  Marine x3, Barracks  
  88  6:12  SCV  
  88  6:13  SCV x2  
  88  6:16  Marine x2  
  92  6:26  Marine  
  92  6:30  Siege Tank, Marine x2  
  92  6:34  Orbital Command, SCV x2, Marine  
  92  6:35  Supply Depot  
  92  6:38  Medivac x2  
  98  6:44  Supply Depot  
  98  6:46  SCV x2  
  100  6:50  Armory  
  100  6:53  Barracks Reactor  
  100  6:56  Barracks Reactor  
  100  6:58  Marine x5  
  100  7:01  SCV  
  106  7:05  Siege Tank  
  109  7:12  Supply Depot, Medivac  
  109  7:15  Medivac  
  113  7:16  Marine  
  113  7:18  Supply Depot  
  114  7:27  Marine x3  
  117  7:33  Marine x2  
  117  7:35  SCV x3  
  122  7:37  Supply Depot  
  122  7:46  Siege Tank  
  122  7:47  Marine x4  
  122  7:49  Terran Infantry Weapons Level 2  
  129  7:57  SCV x3  
  132  8:00  Supply Depot  
  132  8:01  Marine x4  
  132  8:02  Supply Depot, Marine  
  132  8:05  Marine x2  
  138  8:08  Terran Infantry Armor Level 2  
  135  8:23  Marine x2  
  135  8:24  Marine x2  
  135  8:26  SCV x3  
  127  8:29  Command Center  
  127  8:33  Widow Mine, Drilling Claws  
  129  8:38  Marine x4, Factory  
  127  8:42  Marine x3  
  130  8:50  Sensor Tower  
  130  8:54  Marine x2  
  134  8:55  Widow Mine  
  134  8:56  Marine x2, Medivac x2  
  140  9:04  SCV x3  
  138  9:10  Marine x4, Refinery  
  138  9:13  Supply Depot x2  
  138  9:14  Marine  
  138  9:15  Marine x2  
  137  9:17  Widow Mine  
  135  9:26  Barracks  
  135  9:27  Barracks  
  135  9:29  Barracks Reactor  
  135  9:30  Marine x4  
  139  9:31  Barracks, Medivac x2  
  139  9:33  Widow Mine x2  
  139  9:38  SCV x3  
  150  9:39  Refinery  
  150  9:49  Marine x6, Marauder  
  150  9:50  Widow Mine  
  150  9:51  Concussive Shells  
  160  10:03  Widow Mine x2  
  160  10:07  Marine x4, Terran Infantry Weapons Level 3  
  164  10:09  Marine x4  
  164  10:11  Marauder  
  164  10:12  Widow Mine  
  168  10:23  Planetary Fortress  
  168  10:24  Marine  
  168  10:26  Barracks Tech Lab x3  
  169  10:28  Command Center  
  169  10:32  Marauder  
  169  10:35  Marine x4  
  175  10:38  SCV  
  175  10:39  Terran Infantry Armor Level 3, SCV  
  175  10:40  SCV  
  178  10:44  Supply Depot  
  178  10:48  Marine x4, Marauder  
  178  10:49  Marauder  
  175  10:50  Medivac x2  
  175  10:51  Widow Mine  
  175  10:52  Widow Mine  
  175  10:54  Marauder  
  181  11:07  Marine x3  
  181  11:08  Marine x2, Marauder  
  181  11:10  Marauder x2, Widow Mine  
  192  11:13  Widow Mine  
  192  11:14  Marine x2  
  192  11:15  Marauder  
  190  11:19  Widow Mine  
  190  11:22  Ghost Academy  
  190  11:32  Marine x2, Widow Mine  
  183  11:33  Marine x2, Marauder x2  
  183  11:34  Widow Mine  
  183  11:35  Medivac  
  195  11:40  Medivac  
  195  11:42  Sensor Tower  
  197  11:57  Personal Cloaking  
  185  12:18  Ghost x4  
  185  12:19  Widow Mine  
  185  12:20  Widow Mine x2, Medivac  
  197  12:27  SCV x3  
  197  12:29  Refinery x2  
  200  12:31  Command Center x2  
  196  12:41  Widow Mine x3  
  196  12:43  Marine x2  
  196  12:44  Marine x4  
  186  12:47  Marauder  
  186  12:48  Marauder x3  
  167  12:58  Marine x2  
  167  13:01  Marine x2  
  167  13:02  Widow Mine x2, Medivac  
  167  13:03  Widow Mine  
  165  13:09  Marine x4, Marauder x4  
  164  13:16  Marine x2  
  164  13:19  Marine x2  
  153  13:24  Widow Mine x2, Medivac  
  153  13:27  Marine x2  
  128  13:30  Marauder x2  
  128  13:31  Marauder, Widow Mine  
  133  13:39  Marine  
  133  13:40  Supply Depot, Marine x3, Marauder  
  133  13:41  Supply Depot x2  
  130  13:45  Widow Mine x2  
  131  13:51  Marauder  
  131  13:52  Marine x3, Marauder  
  131  13:53  Marauder  
  131  13:54  Medivac  
  134  13:56  Widow Mine  
  136  14:04  Marine x4  
  129  14:18  Marine x3, Marauder x2  
  129  14:21  SCV x2  
  129  14:23  Orbital Command  
  138  14:26  Medivac  
  140  14:35  Marauder x2  
  140  14:38  Marine  
  136  14:53  Marine x2  
  136  14:54  Marine, Marauder x2  
  114  15:02  Marine, Marauder  
  114  15:06  Medivac  
  101  15:07  Marine  
  101  15:08  Marine  
Tags
 
Composition
Lurkers
Matchup
TvZ
Player
CureSolar
Replay Pack
December 2023
Spawn Locations
Cross Positions
Add a new tag
Caveats
  • Supply blocks, unpowered buildings, or Contaminate may cause inaccurate times.
  • Supply counts are checked every 10 seconds.